 Dungeon Crawl Stone Soup version 0.23.2-1-ga50397a (webtiles) character file.

Game seed: 8914711663571680077

29 Iscandelvey the Vexing (level 3, 16/26 HPs)
             Began as a Demonspawn Arcane Marksman on Apr 17, 2019.
             Quit the game on level 1 of the Dungeon.
             The game lasted 00:04:00 (568 turns).

Iscandelvey the Vexing (Demonspawn Arcane Marksman)  Turns: 568, Time: 00:04:01

Health: 16/26      AC:  4    Str: 10    XL:     3   Next: 1%
Magic:  4/4        EV: 12    Int: 15    God:
Gold:   22         SH:  0    Dex: 13    Spells: 1/4 levels left

rFire    . . .     SeeInvis .   j - +0 dagger
rCold    . . .     Gourm    .   (no shield)
rNeg     . . .     Faith    .   e - +0 robe
rPois    .         Spirit   .   c - +0 helmet
rElec    .         Reflect  .   (no cloak)
rCorr    .         Harm     .   m - +0 pair of gloves
MR       .....                  (no boots)
Stlth    +.........             (no amulet)
HPRegen  0.08/turn              (no ring)
MPRegen  0.09/turn              (no ring)

@: no status effects
A: hooves 1, powered by death 1
a: no special abilities


You were on level 1 of the Dungeon.
You were not hungry.

You visited 1 branch of the dungeon, and saw 1 of its levels.

You collected 22 gold pieces.

Inventory:

Hand Weapons
 a - a +0 hand crossbow
 j - a +0 dagger (weapon)
Missiles
 d - 40 bolts
 g - 44 stones (quivered)
Armour
 c - a +0 helmet (worn)
 e - a +0 robe (worn)
 m - a +0 pair of gloves (worn)
Jewellery
 i - a +2 ring of strength {unknown}
Scrolls
 h - 3 scrolls of identify {unknown}
 l - a scroll of magic mapping {unknown}
Potions
 k - a potion of mutation {unknown}
Comestibles
 b - 3 chunks of flesh
 f - 2 rations


   Skills:
 - Level 1.1 Fighting
 * Level 2.2 Crossbows
 + Level 2.1 Dodging
 * Level 1.2 Spellcasting
 - Level 3.4 Hexes


You had one spell level left.
You knew the following spells:

 Your Spells              Type           Power        Failure   Level  Hunger
a - Corona                Hex            ##.....      6%          1    ##.....
b - Slow                  Hex            ##......     9%          2    ###....

Your spell library contained the following spells:

 Spells                   Type           Power        Failure   Level  Hunger
 Inner Flame              Hex/Fire       #.......     34%         3    ####...
 Portal Projectile        Hex/Tloc       #.....       34%         3    ####...
 Cause Fear               Hex            ##........   50%         4    #####..
 Leda's Liquefaction      Hex/Erth       #.........   75%         4    #####..


Dungeon Overview and Level Annotations

Branches:
Dungeon (1/15)

Altars:


Innate Abilities, Weirdness & Mutations

You have large cloven feet.
You regenerate a little health from kills.


Message History

You barely miss the hobgoblin. The hobgoblin closely misses you.
You closely miss the hobgoblin.
The hobgoblin hits you but does no damage.
You hit the hobgoblin but do no damage. The hobgoblin closely misses you.
You barely miss the hobgoblin. The hobgoblin hits you.
You barely miss the hobgoblin. The hobgoblin hits you.
You hit the hobgoblin but do no damage. The hobgoblin hits you.
You hit the hobgoblin.
The hobgoblin is severely wounded.
The hobgoblin barely misses you.
You hit the hobgoblin.
You kill the hobgoblin!
You have reached level 3!
Your experience leads to an increase in your attributes!
Increase (S)trength, (I)ntelligence, or (D)exterity?
You feel clever.
You feel monstrous as your demonic heritage exerts itself.
Your demonic ancestry asserts itself...
Your feet thicken and deform.
Are you sure you want to abandon this character and quit the game? (Confirm with "yes".)

#.............
#.#.####.####.
#.#...##.# #.
# #.###.##.#
#. #. #.#
#.##.# #. #.##
#.# #.##.#####
... #.#
#.##......
#.####.#
#.......##
#.@....#
#######.##
#.###### #...
... #### ####


There were no monsters in sight!

Vanquished Creatures
  A gnoll (D:1)
  A giant cockroach (D:1)
  2 goblins (D:1)
  3 hobgoblins (D:1)
  4 bats (D:1)
  A frilled lizard (D:1)
  A kobold (D:1)
  6 rats (D:1)
19 creatures vanquished.

Notes
Turn   | Place    | Note
-------+----------+-------------------------------------------
     0 | D:1      | Iscandelvey the Demonspawn Arcane Marksman began the quest
                  | for the Orb.
     0 | D:1      | Reached XP level 1. HP: 15/15 MP: 2/2
    21 | D:1      | Gained mutation: You regenerate a little health from kills.
                  | [demonic ancestry]
    21 | D:1      | Reached XP level 2. HP: 21/21 MP: 3/3
    60 | D:1      | Learned a level 2 spell: Slow
   567 | D:1      | Gained mutation: You have large cloven feet. [demonic
                  | ancestry]
   567 | D:1      | Reached XP level 3. HP: 16/26 MP: 4/4
   568 | D:1      | Quit the game

Skill      XL: |  1  2 |
---------------+-------+-----
Crossbows      | 2 |  2.2
Dodging        | 2 |  2.1
Fighting       | |  1.1
Spellcasting   | |  1.2
Hexes          | |  3.4

Action                   || total
-------------------------++-------
Melee: Dagger            ||    56
       Hand crossbow     ||     2
 Fire: Hand crossbow     ||    23
Armor: Robe              ||    18
Dodge: Dodged            ||    60
